 Dungeon Crawl Stone Soup version 0.28.0-45-g0d030f2227 (webtiles) character file.

Game seed: 5723626482169701179

19 NinjaNoafa the Sneak (level 2, 0/20 HPs)
             Began as a Gnoll Wanderer on Apr 17, 2022.
             Was a Follower of Kikubaaqudgha.
             Slain by a jackal (2 damage)
             ... on level 1 of the Dungeon.
             The game lasted 00:02:49 (524 turns).

NinjaNoafa the Sneak (Gnoll Wanderer)                Turns: 524, Time: 00:02:49

Health: 0/20       AC:  3    Str: 11    XL:     2   Next: 75%
Magic:  4/5        EV: 12    Int: 12    God:    Kikubaaqudgha [*.....]
Gold:   13         SH:  0    Dex: 10    Spells: 5/6 levels left

rFire   + . .      SeeInvis .   a - +0 club
rCold   . . .      Faith    .   (no shield)
rNeg    . . .      Spirit   .   b - +0 robe
rPois   .          Reflect  .   (no helmet)
rElec   .          Harm     .   (no cloak)
rCorr   .          Rampage  .   f - +0 pair of gloves
Will    .....                   (no boots)
Stlth   +++.......              (no amulet)
HPRegen 0.06/turn               d - ring of protection from fire
MPRegen 0.09/turn               (no ring)

@: no status effects
A: fangs 1, strong nose, distributed training
a: Renounce Religion, Receive Corpses


You were on level 1 of the Dungeon.
You worshipped Kikubaaqudgha.
Kikubaaqudgha was aware of your devotion.
You visited 1 branch of the dungeon, and saw 1 of its levels.

You collected 13 gold pieces.

Inventory:

Hand Weapons
 a - a +0 club (weapon)
Armour
 b - a +0 robe (worn)
 f - a +0 pair of gloves (worn)
Jewellery
 d - a ring of protection from fire (left hand)
Wands
 c - a wand of polymorph (4)
Scrolls
 e - a scroll of vulnerability


   Skills:
 + Level 0.5 Fighting
 + Level 0.5 Short Blades
 + Level 0.5 Long Blades
 + Level 0.5 Axes
 + Level 0.5 Maces & Flails
 + Level 0.5 Polearms
 + Level 0.5 Staves
 + Level 0.5 Slings
 + Level 0.5 Bows
 + Level 0.5 Crossbows
 + Level 0.5 Throwing
 + Level 0.5 Armour
 + Level 2.5 Dodging
 + Level 5.9 Stealth
 + Level 0.5 Shields
 + Level 0.5 Unarmed Combat
 + Level 2.7 Spellcasting
 + Level 2.0 Conjurations
 + Level 0.3 Hexes
 + Level 0.3 Summonings
 + Level 0.3 Necromancy
 + Level 0.3 Translocations
 + Level 0.3 Transmutations
 + Level 0.3 Fire Magic
 + Level 0.3 Ice Magic
 + Level 5.3 Air Magic
 + Level 0.3 Earth Magic
 + Level 0.3 Poison Magic
 + Level 0.6 Invocations
 + Level 2.5 Evocations


You had 5 spell levels left.
You knew the following spells:

 Your Spells              Type           Power      Damage    Failure   Level
a - Shock                 Conj/Air       40%        1d5       5%          1

Your spell library contained the following spells:

 Spells                   Type           Power      Damage    Failure   Level
 Corpse Rot               Necr/Air       16%        N/A       12%         2
 Poisonous Vapours        Pois/Air       16%        N/A       12%         2
 Animate Skeleton         Necr           4%         N/A       22%         1
 Airstrike                Air            7%         N/A       26%         4
 Sublimation of Blood     Necr           2%         N/A       32%         2
 Conjure Flame            Conj/Fire      4%         6-21      43%         3
 Vampiric Draining        Necr           2%         2d6       54%         3


Dungeon Overview and Level Annotations

Branches:
Dungeon (1/15)

Altars:
Kikubaaqudgha


Innate Abilities, Weirdness & Mutations

You have very sharp teeth.
Your uncanny sense of smell can sniff out nearby items.
Your experience applies equally to all skills.


Message History

The jackal is heavily wounded.
The zap hits the gnoll.
The gnoll is severely wounded.
The jackal bites you but does no damage.
Casting: Shock (safe; 5% risk of failure)
Confirm with . or Enter, or press ? or * to list all spells.
Aiming: Shock (safe; 5% risk of failure)
Press: ? - help, Shift-Dir - straight line, f/p - gnoll
Aim: a gnoll, wielding a +0 flail (severely wounded, weak-willed, 72% to hit)
The zap hits the jackal.
The jackal is heavily wounded.
The zap hits the gnoll.
The gnoll is almost dead.
The zap hits the gnoll.
You kill the gnoll!
Kikubaaqudgha accepts your kill. The jackal closely misses you.
Found 24 sling bullets.
The jackal bites you.
* * * LOW HITPOINT WARNING * * *
The jackal barely misses you.
Really read the scroll of vulnerability?
Okay, then.
As you read the scroll labelled GICUNE ILIORO, it crumbles to dust.
It is a scroll of amnesia.
Really abort (and waste the scroll)?
Okay, then.
The jackal bites you but does no damage.
You see here 24 sling bullets.
You feel your willpower return. The jackal closely misses you.
Found 11 gold pieces.
The jackal bites you but does no damage.
You aren't carrying any potions.
The jackal closely misses you. The jackal bites you.
* * * LOW HITPOINT WARNING * * *
The jackal barely misses you. The jackal bites you.
You die...
Kikubaaqudgha rasps: "You have failed me!
Welcome... death!"

#.#.......###..(...####
#.............##.......
###.......######.#.###.
#.......$.# #.#..#
#.#...h...# #.##.#
##.#.#########.##.##.
#. #.#h# .....#....)..
#.##.#h###.....####.###
#.....@.##.....# #.#
#..............## #.#
##...##.#.......# #.#
#......#.......# #.##
#..##.......##.# #..#
#..##..#.......# ##.#
#.........####.# #.#
#####..#....g..# #.#
#.......##.####.#


You could see 3 jackals.

Vanquished Creatures
  A gnoll (D:1)
  An orc (D:1)
  3 endoplasms (D:1)
  A ball python (D:1)
  A bat (D:1)
  A frilled lizard (D:1)
  A rat (D:1)
9 creatures vanquished.

Vanquished Creatures (others)
  A plant (D:1)
1 creature vanquished.

Grand Total: 10 creatures vanquished

Notes
Turn   | Place    | Note
-------+----------+-------------------------------------------
     0 | D:1      | NinjaNoafa the Gnoll Wanderer began the quest for the Orb.
     0 | D:1      | NinjaNoafa set off with the following items: a +0 club, a
                  | +0 robe, a wand of polymorph (5); and the following spells
                  | available to memorise: Shock, Poisonous Vapours, Airstrike,
                  | Conjure Flame
     0 | D:1      | Reached XP level 1. HP: 13/13 MP: 4/4
     2 | D:1      | Learned a level 1 spell: Shock
    92 | D:1      | Found a faded altar of an unknown god.
   112 | D:1      | Got Plato's Disquisition on Air
   156 | D:1      | Prayed at the altar of an unknown god.
   156 | D:1      | Became a worshipper of Kikubaaqudgha
   156 | D:1      | Reached * piety under Kikubaaqudgha
   156 | D:1      | Received a gift from Kikubaaqudgha
   212 | D:1      | Reached XP level 2. HP: 9/19 MP: 3/5
   524 | D:1      | Slain by a jackal

Illustrated notes

Levels and vault maps discovered:
D:1:      dpeg_arrival_lava_altar, layout_loops_cross,
          shapermc_ecumenical_altar_rom_forum, serial_bayou_ford_a,
          chequers_arboretum, minmay_split_cup_large

Skill      XL: |  1 |
---------------+----+-----
Conjurations   | 2 |  2.0
Fighting       | |  0.5
Short Blades   | |  0.5
Long Blades    | |  0.5
Axes           | |  0.5
Maces & Flails | |  0.5
Polearms       | |  0.5
Staves         | |  0.5
Slings         | |  0.5
Bows           | |  0.5
Crossbows      | |  0.5
Throwing       | |  0.5
Armour         | |  0.5
Dodging        | |  2.5
Stealth        | |  5.9
Shields        | |  0.5
Unarmed Combat | |  0.5
Spellcasting   | |  2.7
Hexes          | |  0.3
Summonings     | |  0.3
Necromancy     | |  0.3
Translocations | |  0.3
Transmutations | |  0.3
Fire Magic     | |  0.3
Ice Magic      | |  0.3
Air Magic      | |  5.3
Earth Magic    | |  0.3
Poison Magic   | |  0.3
Invocations    | |  0.6
Evocations     | |  2.5

Action                   || total
-------------------------++-------
Melee: Club              ||    19
       Bite              ||     1
 Cast: Shock             ||    20
Evoke: Wand              ||     1
  Use: Scroll            ||     2
Armor: Robe              ||    12
Dodge: Dodged            ||    45
